[Event "SixDays Budapest GM-B 10-2024"]
[Site "Budapest"]
[Date "2024.10.02"]
[Round "4.1"]
[White "Wagh Suyog"]
[Black "Tippa, Aswath Srisai"]
[Result "0-1"]
[ECO "D45"]
[WhiteElo "2341"]
[BlackElo "1648"]
[Annotator "RC"]
[PlyCount "72"]
[EventDate "2024.09.24"]
[EventType "tourn"]
[EventCountry "HUN"]
[SourceTitle "playchess.com"]
[Source "ChessBase"]
[SourceQuality "1"]
[TimeControl "5400+30"]

1. d4 Nf6 2. c4 e6 3. Nf3 d5 4. Nc3 Nbd7 5. e3 c6 6. Qc2 Bd6 7. b3 O-O 8. Be2 b6 9. O-O Bb7 10. Bb2 Qe7 11. a4 a5 12. Rad1 Rad8 13. Rfe1 Rfe8 14. h3 h6 15. Bd3 Bb4 16. Re2 c5 17. cxd5 exd5 18. dxc5 bxc5 19. Bb5 Rf8 20. Qf5 Qe6 21. Qc2 Rc8 22. e4 d4 23. Na2 Ba6 24. Bxa6 Qxa6 25. Nc1 Rfe8 26. Nd3 Qc6 27. Rc1 Qb7 28. e5 Nd5 29. Nd2 Bxd2 30. Rxd2 Rc6 31. Kh2 Rg6 32. g3 Nb4 33. Nxb4 Nxe5 34. Rd3 axb4 35. Qd1 Rf6 36. Kg1 Qe4 0-1

[Event "SixDays Budapest GM-B 10-2024"]
[Site "Budapest"]
[Date "2024.10.02"]
[Round "4.2"]
[White "Galyas, Miklos"]
[Black "Grover, Sahaj"]
[Result "1-0"]
[ECO "D02"]
[WhiteElo "2394"]
[BlackElo "2496"]
[Annotator "TA"]
[PlyCount "39"]
[EventDate "2024.09.24"]
[EventType "tourn"]
[EventCountry "HUN"]
[SourceTitle "playchess.com"]
[Source "ChessBase"]
[SourceQuality "1"]
[TimeControl "5400+30"]

1. d4 d5 2. Nf3 Nf6 3. g3 g6 4. Bg2 Bg7 5. O-O O-O 6. Bf4 c5 7. dxc5 Na6 {[%emt 0:00:06] [#]} 8. c4 $1 Nxc5 9. cxd5 {[%emt 0:01:02] The position is equal.} Qxd5 10. Be5 Qe6 ({Black should try} 10... Bg4 $11 11. Qxd5 Nxd5 12. Bxg7 Kxg7) 11. Nc3 $14 Qf5 {[%emt 0:01:09] [#]} 12. Rc1 $1 Ncd7 {[%emt 0:01:53] [#]} 13. e4 $1 {[%emt 0:07:04][%cal Be2e4,Be4e5][%mdl 544] White is more active.} Qh5 14. Bc7 Kh8 (14... Ne8 $16 15. Bd8 (15. Nd5 Nxc7 16. Nxe7+ Kh8 $16) 15... Ne5) 15. h3 $18 {[%emt 0:08:51] e5 would now be deadly.} Nb6 (15... Nc5 {might work better.}) 16. e5 Ng8 17. g4 Bxg4 18. hxg4 Qxg4 19. Qd4 Qe6 20. Ng5 {[%emt 0:03:34][%csl LRb7,LRe6] Black did not feel at home in the position after the opening.   Weighted Error Value: White=0.07 (flawless) /Black=0.40.  Mistake:       	---       	Black=3      Inaccurate:     	---       	Black=2      OK:         	White=7     	Black=4      Best:        	White=2     	---        Strong:       	White=1     	---} 1-0

[Event "SixDays Budapest GM-B 10-2024"]
[Site "Budapest"]
[Date "2024.10.02"]
[Round "4.3"]
[White "Vinter-Schou, Uffe"]
[Black "Kovalev, Andrei"]
[Result "0-1"]
[ECO "B51"]
[WhiteElo "2307"]
[BlackElo "2412"]
[Annotator "TA"]
[PlyCount "74"]
[EventDate "2024.09.24"]
[EventType "tourn"]
[EventCountry "HUN"]
[SourceTitle "playchess.com"]
[Source "ChessBase"]
[SourceQuality "1"]
[TimeControl "5400+30"]

1. e4 c5 2. Nf3 d6 3. Bb5+ Nd7 4. c4 Ngf6 5. Nc3 g6 6. O-O Bg7 7. d4 cxd4 8. Nxd4 {[%emt 0:00:02] The position is equal.} O-O 9. Bxd7 Bxd7 10. b3 a6 11. Bb2 {[%emt 0:03:36] [#]} b5 $1 12. cxb5 (12. Qd3 bxc4) 12... axb5 13. Qe2 b4 14. Nd5 e6 15. Nxb4 Qb6 {[%emt 0:00:14] Repels Ndc6} 16. Nd3 e5 17. Nc2 Bc6 18. Ne3 (18. Qe3 $1 $11 Qxe3 19. Nxe3 Bxe4 (19... Nxe4 20. Rfc1 $11) 20. Nb4) 18... Bxe4 $15 {[%emt 0:03:07] Black is more active.} 19. Nc4 Qb8 (19... Qb5 $17) 20. Rfd1 (20. f4 $1 $11 {feels stronger.}) 20... Re8 $17 21. f3 (21. a3 $15) 21... Bc6 ({Black should play} 21... Bxd3 22. Qxd3 (22. Rxd3 $2 d5 $19) 22... d5) 22. Nf2 d5 23. Nxe5 {[%emt 0:05:28] [#]} Nh5 (23... Bb5 $1 $17 24. Qe3 d4 (24... Nd7 25. f4 $11) 25. Qxd4 (25. Rxd4 $2 Rxe5 $19) 25... Nd7) 24. Qc2 $11 Bb5 {[%emt 0:08:04] This pair of bishops is nice.} 25. Ned3 d4 26. a4 Rc8 27. Qd2 (27. Nc5 {is interesting.} d3 28. Qb1 Bxb2 29. Qxb2 Rxc5 30. axb5 Rxa1 31. Qxa1 Rxb5 32. Ng4) 27... Bxd3 28. Qxd3 (28. Nxd3 $11 Qxb3 29. Rdc1) 28... Nf4 $17 29. Qb5 Rc2 30. Qxb8+ (30. Bxd4 $2 Bxd4 (30... Ne2+ $2 31. Kf1 $19) 31. Qxb8+ Rxb8 32. Rxd4 Ne2+ 33. Kf1 Nxd4 $19) 30... Rxb8 31. Bc1 (31. Rab1 $17) 31... Ne2+ $19 32. Kf1 d3 $1 $36 {[%emt 0:00:29][%mdl 2048] Keeping White busy.} ({Don't take} 32... Rxb3 33. Bg5) (32... Nxc1 33. Rdxc1 Rxc1+ 34. Rxc1 Rxb3 35. Ra1) 33. Rb1 (33. Bg5 {is a better defense.}) 33... Nc3 $1 ({And not} 33... Nxc1 34. Rbxc1 Rxb3 35. Rb1 $11) 34. Bf4 Nxd1 35. Nxd1 Re8 {[%emt 0:01:29] aiming for ...Bd4.} 36. b4 $2 (36. Ne3 Re2 37. Re1) 36... Bd4 {[%emt 0:01:15] White must now prevent ...Ree2.} 37. Bg3 d2 {[%emt 0:00:32] Weighted Error Value: White=0.60/Black=0.14 (very precise) .  Mistake:       	White=7     	Black=3      Inaccurate:     	White=5     	Black=4      OK:         	White=9     	Black=15     Best:        	White=2     	Black=5} 0-1

[Event "SixDays Budapest GM-B 10-2024"]
[Site "Budapest"]
[Date "2024.10.02"]
[Round "4.4"]
[White "Boyer, Mahel"]
[Black "Wu, Yixing"]
[Result "1-0"]
[ECO "D94"]
[WhiteElo "2489"]
[BlackElo "2324"]
[Annotator "TA"]
[PlyCount "103"]
[EventDate "2024.09.24"]
[EventType "tourn"]
[EventCountry "HUN"]
[SourceTitle "playchess.com"]
[Source "ChessBase"]
[SourceQuality "1"]
[TimeControl "5400+30"]

1. d4 Nf6 2. c4 g6 3. Nc3 d5 4. Nf3 Bg7 5. e3 O-O 6. cxd5 Nxd5 7. Bc4 Nb6 8. Bb3 c5 9. O-O cxd4 10. exd4 Nc6 11. d5 Na5 12. h3 Nxb3 13. axb3 Bxc3 14. bxc3 {[%emt 0:00:05] c4 would now be deadly. The position is equal.} Qxd5 15. Bd2 Bf5 16. Re1 (16. c4 $14 {is more appropriate.} Qd7 17. Re1) 16... Be4 $11 17. Ng5 Bxg2 18. c4 $1 (18. Rxe7 Bh1 19. Qg4 Qxd2 $17) 18... Qc6 19. Qg4 h6 (19... Rad8 $11 {keeps the balance.} 20. Qxg2 Rxd2) 20. Ne6 $36 {[%emt 0:05:42][%mdl 3072] White has strong compensation. Keeping Black busy.} (20. Rxe7 $6 Qf6 21. Ree1 Bc6 $11) 20... h5 (20... Bf3 $16 21. Qg3 Rfd8 22. Nxd8 Rxd8) 21. Qg3 (21. Qxg2 Qxg2+ 22. Kxg2 fxe6 $11) 21... Rfc8 (21... Rfe8 $16 22. Re3 (22. Qxg2 Qxg2+ 23. Kxg2 fxe6 $11) 22... Qd6) 22. Ng5 $18 (22. Qxg2 Qxg2+ 23. Kxg2 fxe6 $11) 22... Bh1 23. f3 (23. Rxe7 Rf8 24. Bc3 h4 $18) 23... Rd8 24. Re2 (24. Kxh1 $142 Nc8 (24... Rxd2 $2 25. Qf4 $18) 25. Bb4) 24... Bxf3 (24... Qf6 25. Rae1) 25. Qxf3 Qxf3 26. Nxf3 Nc8 27. Be3 f6 28. Nd4 Kf7 {[%emt 0:01:24] [#]} 29. Ne6 $1 Rd6 (29... Kxe6 $2 30. Bb6+ Kd7 31. Rd2+ Nd6 32. Bxd8 Rxd8 (32... Kxd8 $2 33. c5 $18) 33. c5 $18 (33. Rxa7 Kc6 $11)) 30. Nc7 Rb8 31. Bxa7 {[%emt 0:00:26] White is much more active. The black rooks are passive.} Nxa7 32. Rxa7 Rd3 33. b4 {[%emt 0:00:39] Threatens to win with Kg2.} e5 $2 (33... Rxh3 $14 34. Nd5 e5) 34. Na6 Ra3 35. Nxb8 (35. b5 $18 {and the rest is easy.}) 35... Rxa7 {[%emt 0:00:01][%mdl 4096] Endgame. KRN-KR} 36. Rd2 {[%emt 0:00:06] Hoping for c5.} Ke6 $2 (36... e4 $14) 37. c5 Ra4 $2 (37... Ra1+ 38. Kg2 e4 39. Rd6+ Kf5) 38. Rd6+ Kf5 39. Rb6 (39. b5 $142) 39... e4 $2 (39... Ke4 40. Rxf6 (40. Rxb7 Kf3 $11) 40... Rxb4 41. Rxg6 Rb1+ 42. Kg2 Kf5) 40. Kf2 {[%emt 0:02:56][%cal Of2e3] Strongly threatening Ke3!} Ra2+ $2 (40... g5 41. Ke3 (41. Rxb7 Kf4 $16) 41... Ra3+ 42. Kd4 g4 43. hxg4+ (43. Rxb7 gxh3 44. c6 h2 $11) 43... hxg4 44. Rxb7 Kf4) 41. Ke3 Ra3+ 42. Kd4 Rd3+ 43. Kc4 Rd8 44. Rxb7 e3 {[%emt 0:00:31] [#]} 45. Re7 $1 Rxb8 46. Rxe3 {[%emt 0:00:22] KR-KR} g5 47. c6 g4 48. hxg4+ hxg4 49. b5 {[%emt 0:00:05][%cal Bb4b5,Bb5b6][%mdl 32] White mates.} Kf4 50. c7 Rg8 51. Re1 g3 52. b6 {[%emt 0:00:02] Weighted Error Value: White=0.32/Black=0.69.  Loses game:     	---       	Black=3      Missed win:     	White=1     	---        Mistake:       	White=3     	Black=5      Inaccurate:     	---       	Black=1      OK:         	White=10    	Black=11     Best:        	White=2     	Black=3      Strong:       	White=1     	---} 1-0

[Event "SixDays Budapest GM-B 10-2024"]
[Site "Budapest"]
[Date "2024.10.02"]
[Round "4.5"]
[White "Xie, Felix"]
[Black "Lee, Junhyeok"]
[Result "0-1"]
[ECO "A05"]
[WhiteElo "2320"]
[BlackElo "2364"]
[Annotator "TA"]
[PlyCount "90"]
[EventDate "2024.09.24"]
[EventType "tourn"]
[EventCountry "HUN"]
[SourceTitle "playchess.com"]
[Source "ChessBase"]
[SourceQuality "1"]
[TimeControl "5400+30"]

1. Nf3 Nf6 2. b3 g6 3. Bb2 Bg7 4. g3 b6 5. Bg2 Bb7 6. O-O O-O 7. c4 e6 8. d4 Qe7 9. Nc3 d5 10. cxd5 {[%emt 0:01:39] The position is equal.} exd5 11. Rc1 Na6 12. e3 c5 13. Nb5 Rfd8 14. Qe2 Nb8 15. Rfd1 Nbd7 16. Nc3 Nf8 17. Ba3 Ne6 18. dxc5 bxc5 19. Na4 Rac8 20. Rc2 Rc7 21. Rdc1 Rdc8 (21... Ne4 $11 {might be stronger.}) 22. Qb5 ({Better is} 22. Bh3 $14) 22... Ne4 $11 23. Rd1 Qd8 24. Bb2 (24. Nd2 {is more complex.} Bc6 25. Qa6 Nxf2 26. Kxf2 d4 27. Ne4) 24... Bxb2 25. Nxb2 d4 (25... Qf6 $5 26. Qd3 d4 $15) 26. Na4 {[%emt 0:05:16] Against Nc3} Nd6 27. Qa5 (27. Qe2 $15) 27... Qf6 $19 28. Ne1 Bxg2 29. Nxg2 (29. Kxg2 {is a better defense.} c4 30. Nf3) 29... Qf5 30. Rb2 (30. Qd2 $142 Ng5 31. Nh4) 30... Ng5 31. Nf4 Qe4 {[%emt 0:00:59] ...Nf3+ would now be deadly.} 32. exd4 Nf3+ 33. Kg2 Nxd4+ ({Stronger than} 33... cxd4 34. Re2 Nh4+ 35. Kh3 Qf5+ 36. Qxf5 Nhxf5 37. g4 $16) 34. Kg1 N6b5 (34... Qa8 $19 {Threatens to win with ...N6f5.} 35. Nc3 Rd7) 35. Nc3 $15 Nxc3 36. Qxc3 Rd7 {[%emt 0:00:30] Black is more active.} (36... g5 $17 37. Nh5 Rc6) 37. Rd3 $11 Rcd8 38. Re3 Qc6 {[%emt 0:00:26] Strongly threatening ...Nb5.} 39. h4 $2 {[%emt 0:02:07][%mdl 8192] [#]} (39. f3 $11) 39... h6 $2 (39... Nb5 $1 $19 {[%cal Rb5c3] and Black stays clearly on top.} 40. Qd3 Rxd3 41. Nxd3 Nd4) 40. Nh3 $2 (40. Rb1 $17) 40... Nb5 $19 41. Qe5 Rd1+ {[%emt 0:00:24] Black mates.} 42. Re1 {[%emt 0:00:01] [#]} Nd4 $1 43. Kf1 (43. Rbe2 Nf3+) 43... Nf3 44. Rxd1 Rxd1+ 45. Ke2 Re1+ {[%emt 0:00:10] Weighted Error Value: White=0.73/Black=0.37.  Loses game:     	White=3     	---        Missed win:     	---       	Black=2      Mistake:       	White=3     	Black=2      Inaccurate:     	White=3     	Black=3      OK:         	White=6     	Black=8      Best:        	White=3     	Black=3} 0-1